 Dungeon Crawl Stone Soup version 0.28.0-43-g3370ac3207 (webtiles) character file.

Game seed: 7708998424685294677

29 weregamer the Scratcher (level 3, 0/15 HPs)
             Began as a Felid Transmuter on Mar 30, 2022.
             Killed from afar by a dart slug (5 damage)
             ... with a slug dart
             ... on level 1 of the Dungeon.
             The game lasted 00:06:17 (887 turns).

weregamer the Scratcher (Felid Transmuter)           Turns: 887, Time: 00:06:17

Health: 0/15       AC:  1    Str:  6    XL:     3   Next: 1%
Magic:  5/7        EV: 17    Int: 16    God:
Gold:   26         SH:  0    Dex: 16    Spells: 0/6 levels left
                                        Lives:  0   Deaths: 0

rFire   . . .      SeeInvis +     - Unarmed
rCold   . . .      Faith    .   (shield unavailable)
rNeg    . . .      Spirit   .   (armour unavailable)
rPois   .          Reflect  .   (helmet unavailable)
rElec   .          Harm     .   (cloak unavailable)
rCorr   .          Rampage  .   (gloves unavailable)
Will    +....                   (boots unavailable)
Stlth   ++........              (no amulet)
HPRegen 0.05/turn               d - ring of willpower
MPRegen 0.10/turn               (no ring)

@: appendages, quick
A: horns 2, very small, claws 1, fangs 3, see invisible, speed 1, shaggy fur 1,
stealthy paws, no weapons or thrown items, no armour, multi-lived
a: End Transformation


You were on level 1 of the Dungeon.
You had temporarily grown beastly horns.
You visited 1 branch of the dungeon, and saw 2 of its levels.

You collected 26 gold pieces.

Inventory:

Jewellery
 d - a ring of willpower (left paw)
Potions
 a - 2 potions of haste {unknown}
 b - 2 potions of heal wounds {unknown}
 c - a potion of might {unknown}


   Skills:
 * Level 1.3 Fighting
 * Level 3.0 Dodging
 * Level 1.2 Stealth
 + Level 3.4 Unarmed Combat
 - Level 2.0 Spellcasting
 * Level 2.6 Transmutations


You couldn't memorise any spells.
You knew the following spells:

 Your Spells              Type           Power      Damage    Failure   Level
a - Beastly Appendage     Tmut           20%        N/A       7%          1
b - Wereblood             Tmut           10%        N/A       11%         2
c - Spider Form           Tmut/Pois      5%         N/A       34%         3

Your spell library contained the following spells:

 Spells                   Type           Power      Damage    Failure   Level
 Ice Form                 Ice/Tmut       5%         N/A       75%         4


Dungeon Overview and Level Annotations

Branches:
Dungeon (2/15)

Altars:


Innate Abilities, Weirdness & Mutations

You have temporarily grown beastly horns.
You have sharp claws.
You have razor-sharp teeth.
You have supernaturally acute eyesight. (SInv)
You cover ground quickly. (Speed+)
You are covered in fur. (AC +1)
Your paws help you pounce on unaware monsters.
You are incapable of wielding weapons or throwing items.
You cannot wear armour.
You gain extra lives every three experience levels.


Message History

You are frozen.
You scratch the endoplasm.
You kill the endoplasm!
Your Dodging skill increases to level 3!
A gnoll is nearby!
The gnoll barely misses you.
You scratch the gnoll. You bite the gnoll.
The gnoll is severely wounded.
The gnoll hits you with a +0 spear.
Ouch! That really hurt!
* * * LOW HITPOINT WARNING * * *
You are too injured to fight recklessly!
You are too injured to fight recklessly!
You scratch the gnoll.
You kill the gnoll!
You have reached level 3!
Your experience leads to an increase in your attributes!
Increase (S)trength, (I)ntelligence, or (D)exterity?
You feel clever. x2
This spell is potentially lethal to cast!
Memorise Spider Form, consuming 3 spell levels and leaving 0?
You start memorising the spell.
You continue memorising. x2
Your horns disappear.
You continue memorising.
You finish memorising.
Spell assigned to 'c'.
Casting: Beastly Appendage (safe; 7% risk of failure)
Confirm with . or Enter, or press ? or * to list all spells.
Your blood is infused with primal strength.
Your primal bloodlust is almost over.
A dart slug is nearby!
A dart slug is nearby!
Casting: Wereblood (safe; 11% risk of failure)
Confirm with . or Enter, or press ? or * to list all spells.
You grow a pair of large bovine horns.
You are too injured to fight recklessly!
You see here a +0 spear.
Your primal bloodlust has ended.
The dart slug launches a dart at you. The slug dart hits you.
You die...

#.# #.# #.# #.#########
#.......... ### #)#########
# #.# #.# # #.# #.########
###########.####@#......###
............>....w........
###########.#.÷#........# #
#...............# ####
###.##.#........# ...#
#.##.#[.......# .÷.##
#.##.#........#
..÷.♣♣♣####.......#########
........##.................


You could see a dart slug.

Vanquished Creatures
  A gnoll (D:1)
  A dart slug (D:1)
  An endoplasm (D:1)
  A goblin (D:1)
  6 hobgoblins (D:1)
  A quokka (D:1)
  2 bats (D:1)
  3 rats (D:1)
16 creatures vanquished.

Notes
Turn   | Place    | Note
-------+----------+-------------------------------------------
     0 | D:1      | weregamer the Felid Transmuter began the quest for the Orb.
     0 | D:1      | Reached XP level 1. HP: 9/9 MP: 4/4
   334 | D:1      | Reached XP level 2. HP: 12/12 MP: 4/6
   521 | D:1      | Learned a level 2 spell: Wereblood
   540 | D:1      | Reached skill level 1 in Stealth
   858 | D:1      | Reached XP level 3. HP: 4/15 MP: 5/7
   862 | D:1      | Learned a level 3 spell: Spider Form
   887 | D:1      | Killed from afar by a dart slug

Illustrated notes

Levels and vault maps discovered:
D:1:      sevenhm_arrival_forest_fort_large_3, layout_basic
D:2:      layout_basic, basic_altar, minmay_circled_x

Skill      XL: |  1  2 |
---------------+-------+-----
Stealth        | 1 |  1.2
Dodging        | 3 |  3.0
Fighting       | |  1.3
Unarmed Combat | |  3.4
Spellcasting   | |  2.0
Transmutations | |  2.6

Action                   || total
-------------------------++-------
Melee: Unarmed           ||    35
       Headbutt          ||     4
       Bite              ||     5
 Cast: Beastly Appendage ||    12
       Wereblood         ||     1
  Use: Scroll            ||     6
 Stab: Sleeping          ||     1
Dodge: Dodged            ||    25
